 Dungeon Crawl Stone Soup version 0.31-a0-230-g09eb5fc4d3 (webtiles) character file.

Game seed: 10022781061658036592

123 qw the Shooter (level 5, -2/30 HPs)
             Began as a Gargoyle Hexslinger on July 6, 2023.
             Slain by an orc
             ... wielding a +0 flail
              (7 damage)
             ... on level 3 of the Dungeon.
             The game lasted 00:00:42 (1515 turns).

qw the Shooter (Gargoyle Hexslinger)                Turns: 1515, Time: 00:00:43

Health: -2/30      AC: 10    Str: 12    XL:     5   Next: 7%
Magic:  6/6        EV: 10    Int: 13    God:
Gold:   67         SH:  0    Dex: 14    Spells: 5/6 levels left

rFire   . . .        Y - +1 sling
rCold   . . .        (no shield)
rNeg    + . .        k - +0 ring mail
rPois   inf          (no helmet)
rElec   +            (no cloak)
rCorr   .            (no gloves)
SInv    .            g - +0 pair of boots
Will    .....        (no amulet)
Stlth   +            (no ring)
HPRegen 0.25/turn    (no ring)
MPRegen 0.10/turn

%: no passive effects
@: no status effects
A: sickness immunity, AC +4, negative energy resistance 1, electricity
resistance, torment resistance 1, petrification resistance
a: no special abilities


You were on level 3 of the Dungeon.
You visited 1 branch of the dungeon, and saw 3 of its levels.

You collected 67 gold pieces.


Innate Abilities, Weirdness & Mutations

You are immune to sickness and miasma.
Your stone body is resilient. (AC +4)
You are immune to poison.
You resist negative energy. (rN+)
You are resistant to electric shocks. (rElec)
You are resistant to unholy torment.
You are immune to petrification.


   Skills:
 - Level 2.0 Fighting
 + Level 3.8 Ranged Weapons
 - Level 2.8 Armour
 - Level 1.5 Dodging
 - Level 1.0 Spellcasting
 - Level 2.6 Hexes


You had 5 spell levels left.
You knew the following spells:

 Your Spells              Type           Power      Damage    Failure   Level
a - Slow                  Hex            28%        N/A       21%         1

Your spell library contained the following spells:

 Spells                   Type           Power      Damage    Failure   Level
 Inner Flame              Hex/Fire       4%         N/A       71%         3
 Portal Projectile        Hex/Tloc       8%         N/A       71%         3
 Cause Fear               Hex            3%         N/A       90%         4

Inventory:

Hand Weapons
 Y - a +1 sling (weapon)
Armour
 g - a +0 pair of boots (worn)
 k - a +0 ring mail (worn)
Scrolls
 a - 2 scrolls of identify
Potions
 d - a potion of berserk rage {unknown}
 f - a potion of might {unknown}
 i - a potion of attraction {unknown}

Dungeon Overview and Level Annotations

Branches:
Dungeon (3/15)

Altars:
Makhleb


Message History

You shoot a sling bullet. The sling bullet hits the orc.
The orc is moderately wounded.
Something hits you but does no damage. The orc hits you with a +0 dagger.
You shoot a sling bullet. The sling bullet hits the orc!
You kill the orc!
The ball python bites you. The ball python grabs you.
The ball python constricts you.
You hear some strange, mumbled words.
Something tries to affect you, but you resist.
You shoot a sling bullet.
The sling bullet closely misses the ball python.
The sling bullet hits the orc.
The orc is moderately wounded.
The ball python bites you but does no damage.
The ball python constricts you. Something hits you but does no damage.
The ball python bites you. The ball python constricts you.
You shoot a sling bullet. The sling bullet hits the ball python.
You kill the ball python!
Something hits you.
You shoot a sling bullet.
The sling bullet closely misses the orc.
Something hits you but does no damage. The orc misses you.
You shoot a sling bullet.
The sling bullet hits the orc but does no damage.
The orc is moderately wounded.
Something hits you but does no damage. The orc misses you.
The orc hits you but does no damage. Something hits you.
You shoot a sling bullet.
The sling bullet hits the orc but does no damage.
The orc is moderately wounded.
Something hits you. The orc hits you but does no damage.
You shoot a sling bullet.
The sling bullet hits the orc but does no damage.
The orc is moderately wounded.
Something hits you but does no damage. The orc hits you but does no damage.
You shoot a sling bullet. The sling bullet hits the orc.
The orc is heavily wounded.
Something completely misses you. The orc hits you with a +0 flail.
Something hits you but does no damage. The orc hits you with a +0 flail!
You die...

....... #.# .......
#.# # ....... ##.# .#
. .>..... ..####.#.#
=...... ....#....#
....... ##.#.......
......{######........#
#....oo@.......#.....#
......########.<..#
..... #.##.# .... #.#
.. ### #.# ... #.. ...
### .. .


You could see 2 orcs.

Vanquished Creatures
  A scorpion (D:2)
  2 adders
  A worm (D:3)
  2 dart slugs (D:2)
  An orc (D:3)
  5 bats
  2 giant cockroaches (D:2)
  4 hobgoblins
  5 kobolds
  3 quokkas
  4 ball pythons
  A frilled lizard (D:2)
  3 goblins
  2 rats
36 creatures vanquished.

Notes
Turn   | Place    | Note
-------+----------+-------------------------------------------
     0 | D:1      | qw the Gargoyle Hexslinger began the quest for the Orb.
     0 | D:1      | Reached XP level 1. HP: 12/12 MP: 2/2
     0 | D:1      | 0 ||| qw: Version: 0.3-a-46-gb1f654a
     0 | D:1      | 0 ||| qw: Game counter: 1808
     0 | D:1      | 0 ||| qw: Melee chars always use a shield: true
     0 | D:1      | 0 ||| qw: God list: Okawaru
     0 | D:1      | 0 ||| qw: Allow faded altars: false
     0 | D:1      | 0 ||| qw: Do Orc after clearing Dungeon:15 true
     0 | D:1      | 0 ||| qw: Do second Lair branch before Depths: true
     0 | D:1      | 0 ||| qw: Lair rune preference: random
     0 | D:1      | 0 ||| qw: Goals: Normal
     0 | D:1      | 0 ||| PLANNING D:1-11
   200 | D:1      | Reached XP level 2. HP: 16/16 MP: 3/3
   618 | D:1      | Reached skill level 3 in Ranged Weapons
   649 | D:1      | 649 ||| READING 2 scrolls labelled CAERYARYCO.
   650 | D:1      | 650 ||| READING scroll labelled LIMYUDAEPS.
   651 | D:1      | 651 ||| READING scroll labelled CULLEC UDGHIUTT.
   652 | D:1      | 652 ||| READING 2 scrolls labelled FOIREARHIO.
   653 | D:1      | 653 ||| DROPPING scroll of poison.
   654 | D:1      | 654 ||| DROPPING scroll of immolation.
   673 | D:2      | Found a burning altar of Makhleb.
   771 | D:2      | Reached XP level 3. HP: 14/21 MP: 4/4
  1351 | D:2      | 1351 ||| UPGRADING to +0 pair of boots.
  1356 | D:2      | 1356 ||| UPGRADING to +0 leather armour.
  1366 | D:2      | 1366 ||| DROPPING +0 robe.
  1367 | D:2      | 1367 ||| UPGRADING to +0 ring mail.
  1377 | D:2      | 1377 ||| DROPPING +0 leather armour.
  1378 | D:2      | 1378 ||| READING scroll labelled UJAOMIE WAPY.
  1379 | D:2      | 1379 ||| READING scroll labelled DOOLA NUBAATOULIEBB.
  1382 | D:2      | 1382 ||| DRINKING 2 fizzy coppery potions.
  1383 | D:2      | 1383 ||| READING 2 scrolls of identify.
  1383 | D:2      | 1383 ||| IDENTIFYING fuming grey potion
  1384 | D:2      | 1384 ||| DROPPING potion of brilliance.
  1395 | D:3      | Noticed a scorpion
  1400 | D:3      | 1400 ||| STAIRDANCE
  1410 | D:2      | Killed a scorpion
  1411 | D:2      | Reached XP level 4. HP: 15/26 MP: 5/5
  1484 | D:3      | 1484 ||| DRINKING potion of curing.
  1484 | D:3      | 1484 ||| (to cure confusion)
  1502 | D:3      | Reached XP level 5. HP: 16/30 MP: 6/6
  1515 | D:3      | HP: 5/30 [orc/+0 flail (3)]
  1515 | D:3      | Slain by an orc

Levels and vault maps discovered:
D:1:      matt_arrival_grand_opening, layout_basic, minmay_tromino_v2
D:2:      layout_basic, basic_altar
D:3:      minmay_roachtagon, layout_rooms, mainiacjoe_overflow_small_starburst,
          nicolae_qazlal_scattered_showers, pdpol_wu_jian_five_deadly_venoms,
          serial_shops, shop_fountains

Skill      XL: |  1  2  3 |
---------------+----------+-----
Ranged Weapons | 3 |  3.8
Fighting       | 2 |  2.0
Armour         | 2 |  2.8
Dodging        | |  1.5
Spellcasting   | |  1.0
Hexes          | |  2.6

Action                     |  1- 3 |  4- 6 || total
---------------------------+-------+-------++-------
   Fire: Sling             |   133 |    43 ||   176
    Use: Scroll            |     7 |       ||     7
         Potion            |     1 |     1 ||     2
 Armour: Robe              |    21 |       ||    21
         Ring mail         |     6 |    53 ||    59
  Dodge: Dodged            |    58 |    27 ||    85

Table legend:
 A = Non-vault XP
 B = Vault XP
 C = Vault XP percentage of total XP
 D = Non-vault monster count
 E = Vault monster count
 F = Vault count percentage of total count
                 A         B        C        D         E       F
            +---------+---------+-------+---------+---------+-------
      Total |     174 |       2 |   1.1 |      35 |       1 |   2.8
            +---------+---------+-------+---------+---------+-------
        D:1 |      18 |       2 |  10.0 |      11 |       1 |   8.3
        D:2 |     134 |       0 |   0.0 |      20 |       0 |   0.0
        D:3 |      22 |       0 |   0.0 |       4 |       0 |   0.0
            +---------+---------+-------+---------+---------+-------
